 Dungeon Crawl Stone Soup version 0.25-a0-975-gcae8493d64 (webtiles) character file.

Game seed: 11208729775679256666, levelgen mode: deterministic

275 Flugslaktarn the Chopper (level 6, -6/53 HPs)
             Began as a Minotaur Fighter on May 9, 2020.
             Was a Follower of Cheibriados.
             Engulfed by a cloud of flame (30 damage)
             ... on level 4 of the Dungeon.
             The game lasted 00:01:22 (2236 turns).

Flugslaktarn the Chopper (Minotaur Fighter)         Turns: 2236, Time: 00:01:22

Health: -6/53      AC: 10    Str: 24    XL:     6   Next: 3%
Magic:  6/6        EV:  6    Int:  8    God:    Cheibriados [*.....]
Gold:   130        SH: 10    Dex: 14    Spells: 5/5 levels left

rFire    . . .     SeeInvis .   a - +1 war axe
rCold    . . .     Gourm    .   c - +0 kite shield
rNeg     . . .     Faith    .   h - +0 chain mail
rPois    .         Spirit   .   (helmet restricted)
rElec    .         Reflect  .   o - +0 cloak
rCorr    .         Harm     .   (no gloves)
MR       .....                  (no boots)
Stlth    ..........             (no amulet)
HPRegen  0.17/turn              (no ring)
MPRegen  0.10/turn              (no ring)

@: very slow
A: retaliatory headbutt, horns 2
a: Bend Time, Renounce Religion


You were on level 4 of the Dungeon.
You worshipped Cheibriados.
Cheibriados was aware of your devotion.
You were not hungry.

You visited 1 branch of the dungeon, and saw 4 of its levels.

You collected 130 gold pieces.

Inventory:

Hand Weapons
 a - a +1 war axe (weapon)
Armour
 c - a +0 kite shield (worn)
 h - a +0 chain mail (worn)
   (You found it on level 1 of the Dungeon)
 o - a +0 cloak (worn)
   (You found it on level 3 of the Dungeon)
Scrolls
 m - a scroll of teleportation {unknown}
 n - a scroll of random uselessness {unknown}
 r - a scroll of identify
Potions
 d - a potion of stabbing
 k - a potion of magic {unknown}
Comestibles
 e - 4 rations


   Skills:
 + Level 4.7 Fighting
 * Level 5.0 Axes
 + Level 4.7 Armour
 + Level 4.7 Shields
 + Level 1.4 Invocations


You had 5 spell levels left.
You didn't know any spells.
Your spell library was empty.

Dungeon Overview and Level Annotations

Branches:
Dungeon (4/15)
 Temple: D:4-7

Altars:
Cheibriados


Innate Abilities, Weirdness & Mutations

You reflexively headbutt those who attack you in melee.
You have a pair of horns on your head.


Message History

There is a stone staircase leading up here.
You climb upwards.
There is a stone staircase leading down here.
Unknown command.
Unknown command.
Eating a chunk of flesh.
You eat the chunk of flesh.
This raw flesh tastes terrible.
Okay, then.
You climb downwards.
There is a stone staircase leading up here.
Unknown command.
A dart slug is nearby!
You hit the dart slug.
Flame seeps out of the dart slug.
You headbutt the dart slug!
The dart slug explodes!
The fiery explosion engulfs you!!
Ouch! That really hurt!
You are engulfed in blazing flames.
Ouch! That really hurt!
You die...

###### #....# #.##.#
#.##.#######
#########.#........#
#.........########.#
#......)[....#...#.#
#........###.#.#@#'##
#........###.#.##○..#
#........'...#...§..#
#......."########...#
...........÷.w.....>#
..........###########
..........#
..........#
..##...##.#


There were no monsters in sight!

Vanquished Creatures
  A scorpion (D:3)
  An orc wizard (D:3)
  An iguana (D:4)
  Natasha (twice) (D:2)
  Robin (D:2)
  2 adders (D:3)
  3 worms (D:3)
  3 dart slugs
  2 leopard geckos
  12 orcs
  2 ball pythons
  3 bats
  A giant cockroach (D:3)
  11 goblins
  7 hobgoblins
  2 kobolds
  3 quokkas
  2 frilled lizards
  5 rats
64 creatures vanquished.

Notes
Turn   | Place    | Note
-------+----------+-------------------------------------------
     0 | D:1      | Flugslaktarn the Minotaur Fighter began the quest for the
                  | Orb.
     0 | D:1      | Reached XP level 1. HP: 19/19 MP: 0/0
   165 | D:1      | Reached XP level 2. HP: 23/27 MP: 1/1
   248 | D:1      | Reached skill level 3 in Axes
   552 | D:2      | Noticed Natasha
   553 | D:2      | Noticed Robin
   562 | D:2      | HP: 1/27 [goblin/+0 club[Robin] (1)]
   564 | D:2      | Noticed a crimson imp
   566 | D:2      | Killed Natasha
   566 | D:2      | Reached XP level 3. HP: 2/33 MP: 2/2
   566 | D:2      | Killed Robin
   720 | D:2      | Noticed Natasha
   737 | D:2      | Killed Natasha
   737 | D:2      | Reached skill level 4 in Axes
   737 | D:2      | Reached XP level 4. HP: 3/40 MP: 3/3
  1119 | D:3      | Found a snail-covered altar of Cheibriados.
  1126 | D:3      | Became a worshipper of Cheibriados the Contemplative
  1284 | D:3      | Reached XP level 5. HP: 44/47 MP: 4/4
  1577 | D:3      | Reached * piety under Cheibriados
  1577 | D:3      | Reached skill level 1 in Invocations
  2173 | D:4      | Reached skill level 5 in Axes
  2173 | D:4      | Reached XP level 6. HP: 47/53 MP: 4/6
  2236 | D:4      | Engulfed by a cloud of flame

Illustrated notes

Levels and vault maps discovered:
D:1:      psy_arrival_statuary, layout_loops_corners, minmay_misc_feat_room,
          minivault_25
D:2:      layout_basic, first_ration, minmay_cut_off, uniq_robin, uniq_natasha
D:3:      layout_basic, kennysheep_slug_shrine
D:4:      layout_basic, grunt_temple_overflow_open

Skill      XL: |  1  2  3  4  5 |
---------------+----------------+-----
Axes           | 3 4 5 |  5.0
Fighting       | 4 |  4.7
Armour         | 4 |  4.7
Shields        | 4 |  4.7
Invocations    | 1 |  1.4

Action                   |  1- 3 |  4- 6 || total
-------------------------+-------+-------++-------
Melee: War axe           |    49 |    94 ||   143
       Headbutt          |     8 |    17 ||    25
  Use: Potion            |     1 |       ||     1
       Scroll            |       |     4 ||     4
  Eat: Chunk             |       |     4 ||     4
Armor: Scale mail        |     4 |       ||     4
       Chain mail        |    30 |    48 ||    78
Dodge: Dodged            |    10 |    18 ||    28
Block: Kite shield       |    27 |    52 ||    79

Table legend:
 A = Non-vault XP
 B = Vault XP
 C = Vault XP percentage of total XP
 D = Non-vault monster count
 E = Vault monster count
 F = Vault count percentage of total count
                 A         B        C        D         E       F
            +---------+---------+-------+---------+---------+-------
      Total |     326 |      67 |  17.0 |      55 |       9 |  14.1
            +---------+---------+-------+---------+---------+-------
        D:1 |      20 |       0 |   0.0 |      11 |       0 |   0.0
        D:2 |      52 |      63 |  54.8 |       8 |       8 |  50.0
        D:3 |     198 |       4 |   2.0 |      29 |       1 |   3.3
        D:4 |      56 |       0 |   0.0 |       7 |       0 |   0.0
            +---------+---------+-------+---------+---------+-------
